[Event "Titled Tuesday Blitz April 18 Late 2023"]
[White "Dahlgren, James Allen"]
[Black "Le Goff, Ronan"]
[WhiteFideId "22256873"]
[BlackFideId "612073"]
[WhiteElo "2207"]
[BlackElo "2275"]
[Result "0-1"]
[Round "11"]
[TimeControl "180+2"]
[Date "2023.04.18"]
[WhiteClock "0:00:04"]
[BlackClock "0:00:50"]

1. e4 e5 2. Nf3 Nc6 3. Bc4 Nf6 4. Ng5 Bc5 5. Bxf7+ Ke7 6. Bb3 Rf8 7. Nc3 h6 8. Nf3 d6 9. h3 Qe8 10. d3 Qg6 11. Nh4 Qh7 12. Be3 Bxe3 13. fxe3 g5 14. Nf3 g4 15. Nh4 gxh3 16. gxh3 Qg7 17. Nf5+ Bxf5 18. exf5 Qg2 19. Rf1 Qxh3 20. Qf3 Qh4+ 21. Kd2 Rae8 22. Rh1 Qg4 23. Qxg4 Nxg4 24. Rag1 Nf2 25. Rxh6 Rxf5 26. Rg7+ Kd8 27. Rhh7 Re7 28. Nd5 Rxg7 29. Rxg7 Nh3 30. Nxc7 Rf2+ 31. Ke1 Rf3 32. Be6 Ne7 33. Nd5 Nxd5 34. Bxd5 Rf5 35. Rxb7 Ng5 36. Kd2 Rf2+ 37. Kc3 a5 38. a4 Nh3 39. Ra7 Ng1 40. Rxa5 Ne2+ 41. Kb3 Nc1+ 42. Ka3 Rxc2 43. Bb3 Rd2 44. Rd5 Kc7 45. a5 Kc6 46. a6 Nxb3 0-1


[Site "https://www.chess.com"]

[Event "Titled Tuesday Blitz April 18 Late 2023"]
[White "Meunier-Pion, Jean"]
[Black "mjelcic"]
[WhiteFideId "20685327"]
[WhiteElo "2124"]
[BlackElo "2206"]
[Result "1-0"]
[Round "11"]
[TimeControl "180+2"]
[Date "2023.04.18"]
[WhiteClock "0:00:13"]
[BlackClock "0:00:59"]

1. e4 e5 2. Nf3 Nc6 3. Bb5 a6 4. Ba4 Nf6 5. d3 d6 6. c3 Be7 7. O-O O-O 8. Re1 b5 9. Bc2 d5 10. a4 dxe4 11. dxe4 Qxd1 12. Rxd1 Bb7 13. h3 Rfd8 14. Rxd8+ Rxd8 15. axb5 axb5 16. Be3 b4 17. Nbd2 h6 18. Nc4 Bd6 19. Kf1 Kf8 20. Ke2 Ke7 21. Nh4 Bc8 22. Nxd6 cxd6 23. Bb6 Rd7 24. Nf5+ Ke6 25. Nxg7+ Ke7 26. Nf5+ Ke6 27. Ra8 Rb7 28. Rxc8 Rxb6 29. Rc7 b3 30. Ng7# 1-0


[Site "https://www.chess.com"]

[Event "Titled Tuesday Blitz April 18 Late 2023"]
[White "Atanasov, Radislav"]
[Black "Estrada Nieto, Julian"]
[WhiteFideId "2901471"]
[BlackFideId "5101018"]
[WhiteElo "2077"]
[BlackElo "2161"]
[Result "1/2-1/2"]
[Round "11"]
[TimeControl "180+2"]
[Date "2023.04.18"]
[WhiteClock "0:00:01"]
[BlackClock "0:00:05"]

1. e4 e5 2. Nf3 Nc6 3. Bb5 a6 4. Ba4 Nf6 5. O-O Be7 6. Re1 b5 7. Bb3 d6 8. c3 O-O 9. h3 Bb7 10. d4 Re8 11. Nbd2 Bf8 12. Bc2 h6 13. a3 d5 14. dxe5 Nxe5 15. Nxe5 Rxe5 16. Nf3 Re8 17. e5 Ne4 18. Bf4 c5 19. Qe2 Qb6 20. Rad1 Rad8 21. Nh2 c4 22. Be3 Bc5 23. Bxc5 Qxc5 24. Nf3 f6 25. exf6 Nxf6 26. Qd2 a5 27. Bg6 Rf8 28. Nd4 Bc8 29. Re3 Bd7 30. Rde1 Ne4 31. Bxe4 dxe4 32. Rxe4 Rde8 33. Rxe8 Bxe8 34. Ne6 Qe7 35. Nxf8 Qxf8 36. Qd8 Bg6 37. Qxf8+ Kxf8 38. Re5 Be8 39. Rc5 Ke7 40. f4 Kd6 41. Rc8 Kd7 42. Rb8 Bg6 43. Rxb5 Kc6 44. Rxa5 Bd3 45. Ra7 g6 46. Rg7 h5 47. Rf7 Kd6 48. g4 Ke6 49. Rc7 h4 50. Kf2 Kd6 51. Ra7 Be4 52. Ke3 Bg2 53. Kd4 Bxh3 54. Kxc4 Bf1+ 55. Kd4 h3 56. Rh7 Ke6 57. f5+ gxf5 58. gxf5+ Kxf5 59. a4 Kg6 60. Rh8 Kg5 61. a5 Kg4 62. c4 Bg2 63. a6 Kg3 64. Rxh3+ Bxh3 65. b4 Kf4 66. a7 Bg2 67. c5 Bc6 68. Kc4 Ke5 69. b5 Bd5+ 70. Kb4 Kd4 1/2-1/2


[Site "https://www.chess.com"]

[Event "Titled Tuesday Blitz April 18 Late 2023"]
[White "Golubev, Mikhail"]
[Black "Bilan, Danila"]
[WhiteFideId "14100983"]
[BlackFideId "24161918"]
[WhiteElo "2374"]
[BlackElo "2182"]
[Result "0-1"]
[Round "11"]
[TimeControl "180+2"]
[Date "2023.04.18"]
[WhiteClock "0:00:03"]
[BlackClock "0:00:13"]

1. e4 c6 2. d4 d5 3. Nc3 dxe4 4. Nxe4 Bf5 5. Ng3 Bg6 6. c3 e6 7. Nh3 Nf6 8. Nf4 Bd6 9. h4 Bxf4 10. Bxf4 h6 11. h5 Bh7 12. Be2 Nbd7 13. Qb3 Qb6 14. O-O O-O 15. Qa3 Rfe8 16. Rad1 Nd5 17. Bc1 Qc7 18. c4 N5f6 19. Rfe1 Rad8 20. Be3 b6 21. Qc3 Ne4 22. Nxe4 Bxe4 23. Qc1 Nf6 24. Bf4 Qb7 25. Bf1 c5 26. dxc5 bxc5 27. Rxd8 Rxd8 28. Bxh6 gxh6 29. Qxh6 Nh7 30. Qe3 Bf5 31. Qg3+ Kf8 32. Qc3 Rd4 33. Qa3 Qb4 34. Qxb4 cxb4 35. Re5 Nf6 36. f3 Rd1 37. Kf2 Rd2+ 38. Ke3 Rxb2 39. c5 Nd5+ 0-1


[Site "https://www.chess.com"]

[Event "Titled Tuesday Blitz April 18 Late 2023"]
[White "Gatterer, Florian"]
[Black "Winkels, Marcel"]
[WhiteFideId "811688"]
[BlackFideId "1003887"]
[WhiteElo "2221"]
[BlackElo "1900"]
[Result "1-0"]
[Round "11"]
[TimeControl "180+2"]
[Date "2023.04.18"]
[WhiteClock "0:00:08"]
[BlackClock "0:00:36"]

1. b3 e5 2. Bb2 e4 3. d3 Nf6 4. e3 d5 5. Nd2 Bb4 6. a3 Bd6 7. dxe4 dxe4 8. Nc4 O-O 9. Nxd6 cxd6 10. Ne2 Nc6 11. Nd4 Ne5 12. h3 a6 13. Be2 Nfd7 14. Nf5 Nd3+ 15. cxd3 Qa5+ 16. Qd2 Qxf5 17. dxe4 Qxe4 18. O-O Ne5 19. Qxd6 f6 20. Bxe5 fxe5 21. Bd3 Qh4 22. Qxe5 Kh8 23. Rac1 Bd7 24. Qe4 Qf6 25. Qd4 Qe7 26. Rc7 Rad8 27. Qe4 Qxe4 28. Bxe4 Bc6 29. Bxc6 bxc6 30. Rxc6 Rd3 31. Rxa6 Rxb3 32. Ra7 Rb2 33. e4 Re8 34. f3 Rd8 35. Rf2 Rb1+ 36. Kh2 h5 37. h4 Rdd1 38. Rc2 Rh1+ 39. Kg3 Rhd1 40. Ra5 g6 41. Ra7 Rd8 42. Rac7 Ra1 43. Rc8 Rxc8 44. Rxc8+ Kg7 45. Ra8 Kf6 46. a4 Ke5 47. a5 Kd4 48. a6 Ke3 49. a7 Ke2 50. e5 Kf1 51. e6 Ra2 52. e7 Rxg2+ 53. Kf4 Re2 54. e8=Q Rxe8 55. Rxe8 Kg2 56. Kg5 Kh3 57. Kxg6 Kxh4 58. a8=Q Kg3 59. Qb8+ Kxf3 60. Rf8+ Ke4 61. Qb4+ Kd3 62. Rd8+ Ke3 63. Qd4+ Kf3 64. Rf8+ Kg3 65. Qf2+ Kh3 66. Rf3+ Kg4 67. Qg3# 1-0


[Site "https://www.chess.com"]

[Event "Titled Tuesday Blitz April 18 Late 2023"]
[White "Kielinkei"]
[Black "Smith, Garrett L"]
[BlackFideId "2024829"]
[WhiteElo "2411"]
[BlackElo "2294"]
[Result "1-0"]
[Round "11"]
[TimeControl "180+2"]
[Date "2023.04.18"]
[WhiteClock "0:00:29"]
[BlackClock "0:00:13"]

1. e4 c5 2. a3 g6 3. Nc3 Bg7 4. Bc4 Nc6 5. d3 e6 6. Ba2 Nge7 7. h4 d5 8. h5 b6 9. h6 Bf6 10. f4 d4 11. Nce2 Ng8 12. e5 Be7 13. Nf3 Bb7 14. Kf2 Qd7 15. g4 O-O-O 16. g5 Bf8 17. Ng3 Nge7 18. Ne4 Nf5 19. Bd2 Qc7 20. Qe1 Nce7 21. b4 Nd5 22. Bxd5 exd5 23. Ng3 Nxg3 24. Kxg3 Kb8 25. bxc5 Bxc5 26. a4 a5 27. Rb1 Ka7 28. Nh2 Bc6 29. Ng4 Bxa4 30. Qc1 Bc6 31. Qb2 b5 32. Ra1 a4 33. Bb4 Qb6 34. Rhb1 Bxb4 35. Qxb4 Rb8 36. Qe7+ Rb7 37. Qf6 Rc8 38. Rxa4+ bxa4 39. Rxb6 Rxb6 40. Qxf7+ Rb7 41. Qf6 Kb6 42. Qd6 Ra8 43. Qb4+ Kc7 44. Qd6+ Kb6 45. Qb4+ Kc7 46. Qe7+ Kb6 47. Qa3 Kc7 48. Nf6 Rb1 49. e6 Re1 50. Qe7+ Kb6 51. Qb4+ Kc7 52. Qxe1 1-0


[Site "https://www.chess.com"]

[Event "Titled Tuesday Blitz April 18 Late 2023"]
[White "Rose, Felix"]
[Black "Szente Varga, Fruzsina"]
[WhiteFideId "5105722"]
[BlackFideId "712264"]
[WhiteElo "2039"]
[BlackElo "1994"]
[Result "1-0"]
[Round "11"]
[TimeControl "180+2"]
[Date "2023.04.18"]
[WhiteClock "0:00:10"]
[BlackClock "0:00:28"]

1. e4 Nf6 2. e5 Nd5 3. d4 d6 4. c4 Nb6 5. exd6 exd6 6. Nc3 Be7 7. Bd3 O-O 8. Nge2 Bf6 9. O-O Nc6 10. a4 Bg4 11. a5 Nc8 12. h3 Bxe2 13. Nxe2 g6 14. Be3 N8e7 15. Qd2 Qd7 16. a6 Rab8 17. axb7 Rxb7 18. Ra2 Rfb8 19. Rfa1 Rb3 20. Be4 d5 21. cxd5 Nxd5 22. Bxd5 Qxd5 23. Nc3 Qd7 24. d5 Ne5 25. Bxa7 R8b7 26. Qe2 R7b4 27. Bc5 Rb8 28. Ra8 Kg7 29. Rxb8 Rxb8 30. Rd1 Qf5 31. Ne4 Nd7 32. Nxf6 Nxc5 33. Ng4 h5 34. Ne3 Qf6 35. Qc2 Na6 36. Nc4 Nb4 37. Qe2 Rd8 38. Ne3 Qe5 39. Qc4 Rb8 40. Qd4 Kf6 41. Qxe5+ Kxe5 42. Rc1 Rb7 43. Rc5 Nd3 44. Rc2 Nxb2 45. Rxb2 Rxb2 46. Nc4+ Kxd5 47. Nxb2 Kd4 48. Kf1 Kc3 49. Na4+ Kb4 50. Nb2 Kc3 51. Nd1+ Kd2 52. Ne3 c5 53. Nc4+ Kd3 54. Ne5+ Kd4 55. Nxf7 c4 56. Ke2 Kc3 57. Kd1 Kb2 58. Ne5 c3 59. Nd3+ Kb1 60. Nc1 Kb2 61. f3 1-0


[Site "https://www.chess.com"]

[Event "Titled Tuesday Blitz April 18 Late 2023"]
[White "Harish, Neeraj"]
[Black "micke12a"]
[WhiteFideId "30958130"]
[WhiteElo "1965"]
[BlackElo "2361"]
[Result "1-0"]
[Round "11"]
[TimeControl "180+2"]
[Date "2023.04.18"]
[WhiteClock "0:00:25"]
[BlackClock "0:00:16"]

1. e4 c5 2. Nf3 d6 3. d4 cxd4 4. Nxd4 Nf6 5. Nc3 a6 6. Be3 e5 7. Nb3 Be7 8. f3 Be6 9. Qd2 h5 10. Nd5 Nxd5 11. exd5 Bf5 12. Be2 Nd7 13. Na5 Qc7 14. c4 O-O 15. O-O Nb8 16. b4 b6 17. Nb3 Nd7 18. Rac1 Bg6 19. Rfd1 f5 20. c5 bxc5 21. bxc5 f4 22. Bf2 Qb8 23. c6 Nf6 24. Bd3 e4 25. fxe4 Bxe4 26. Re1 Bxd3 27. Qxd3 Bd8 28. Nd4 Bb6 29. Ne6 Bxf2+ 30. Kxf2 Qb6+ 31. Kf1 Ng4 32. Qd4 Qxd4 33. Nxd4 Ne3+ 34. Kg1 Nxd5 35. Re6 Rf6 36. Rxf6 Nxf6 37. Nf5 Kf7 38. c7 Ke6 39. c8=Q+ Rxc8 40. Rxc8 Kxf5 41. Rc6 d5 42. Rxa6 d4 43. Kf2 Ke4 44. Ke2 Nd5 45. a4 g5 46. a5 g4 47. Re6+ Kf5 48. Rh6 Ke4 49. Rxh5 f3+ 50. gxf3+ gxf3+ 51. Kf2 Nf4 52. Rh8 Nd3+ 53. Kf1 Nb4 54. Re8+ Kd3 55. Kf2 Kc4 56. Kxf3 Kb5 57. Rd8 d3 58. Ke3 Kxa5 59. Rxd3 Nxd3 60. Kxd3 Kb6 61. Ke4 Kc7 62. Kf5 Kd8 63. Kg6 Ke8 64. Kg7 Ke7 65. h4 Ke6 66. h5 Kf5 67. h6 Kg5 68. h7 Kf5 69. h8=Q 1-0


[Site "https://www.chess.com"]

[Event "Titled Tuesday Blitz April 18 Late 2023"]
[White "Georg, Heinz"]
[Black "Skaric, Djuro"]
[WhiteFideId "4607295"]
[BlackFideId "934569"]
[WhiteElo "2261"]
[BlackElo "2282"]
[Result "1-0"]
[Round "11"]
[TimeControl "180+2"]
[Date "2023.04.18"]
[WhiteClock "0:00:16"]
[BlackClock "0:00:24"]

1. b4 d6 2. Bb2 Nf6 3. e3 g6 4. Nf3 Bg7 5. d4 O-O 6. Nbd2 Nc6 7. b5 Nb8 8. c4 Nbd7 9. Qc2 h6 10. c5 Re8 11. Bc4 e5 12. Qxg6 Qe7 13. cxd6 cxd6 14. dxe5 Nxe5 15. Nxe5 dxe5 16. O-O Bd7 17. Qc2 Rac8 18. Qb3 b6 19. Nf3 Nh7 20. Ba3 Qf6 21. Rad1 Bg4 22. Rd6 Be6 23. Bxe6 Rxe6 24. Rxe6 fxe6 25. Bb2 Rc5 26. Rd1 Nf8 27. h3 Qf5 28. e4 Qh5 29. Rd8 Qf7 30. Ba3 Rc7 31. Bd6 Rd7 32. Rxd7 Nxd7 33. Qc3 Bf8 34. Bxe5 Bc5 35. Bd4 Bd6 36. Qc8+ Kh7 37. Qh8+ Kg6 38. Be3 Bf8 39. Ne5+ Nxe5 40. Qxe5 Bg7 41. Qg3+ Kh7 42. Qf4 Qg6 43. h4 Bf6 44. h5 Qg7 45. Qg3 Qf7 46. e5 Bg7 47. Qg4 Kg8 48. Bxh6 Kh7 49. Qxg7+ Qxg7 50. Bxg7 Kxg7 51. g4 Kh6 52. f4 1-0


[Site "https://www.chess.com"]

[Event "Titled Tuesday Blitz April 18 Late 2023"]
[White "Rodriguez Santiago, Jaime"]
[Black "Ardila, Oscar Humberto"]
[WhiteFideId "3100898"]
[BlackFideId "4404742"]
[WhiteElo "2025"]
[BlackElo "1918"]
[Result "0-1"]
[Round "11"]
[TimeControl "180+2"]
[Date "2023.04.18"]
[WhiteClock "0:00:56"]
[BlackClock "0:01:09"]

1. c4 Nf6 2. Nc3 e6 3. e4 d6 4. g3 Be7 5. Bg2 O-O 6. Nge2 Nbd7 7. O-O c5 8. d3 a6 9. a4 Qc7 10. h3 Rb8 11. Be3 b6 12. Rb1 Bb7 13. f4 Rfe8 14. g4 h6 15. Ng3 Rbd8 16. g5 hxg5 17. fxg5 Nh7 18. h4 d5 19. Qf3 Ne5 20. Qh5 g6 21. Qh6 Bf8 22. exd5 Bxh6 23. gxh6 Nxd3 24. h5 Qxg3 25. Rf3 Qg4 26. hxg6 fxg6 27. Rbf1 Ng5 28. Rf6 Nh7 29. Rf7 Rf8 30. Rg7+ Kh8 31. Rxb7 Rxf1+ 32. Kxf1 Rf8+ 33. Kg1 Nf4 34. Bxf4 Qxf4 35. dxe6 Qf2+ 36. Kh2 Ng5 0-1


[Site "https://www.chess.com"]

[Event "Titled Tuesday Blitz April 18 Late 2023"]
[White "Florianovitz, Derlei Alex"]
[Black "Seder, Mohammed"]
[WhiteFideId "2114178"]
[BlackFideId "11505567"]
[WhiteElo "1953"]
[BlackElo "1862"]
[Result "0-1"]
[Round "11"]
[TimeControl "180+2"]
[Date "2023.04.18"]
[WhiteClock "0:01:02"]
[BlackClock "0:00:57"]

1. e4 c5 2. Nf3 Nc6 3. d4 cxd4 4. Nxd4 Nf6 5. Nc3 e5 6. Ndb5 d6 7. Bg5 a6 8. Na3 b5 9. Nd5 Be7 10. Bxf6 Bxf6 11. c4 b4 12. Nc2 Rb8 13. b3 O-O 14. g3 Bg5 15. Bg2 f5 16. Qd3 f4 17. gxf4 Bxf4 18. Nxf4 Rxf4 19. Qd5+ Kh8 20. Qxc6 Bb7 21. Qa4 Qb6 22. O-O Bc6 23. Qxb4 Qxb4 24. Nxb4 Rxb4 25. Rad1 Bxe4 26. Bxe4 Rxe4 27. Rxd6 g6 28. Rxa6 Re2 29. f3 Rb7 30. Rf2 Re1+ 31. Kg2 Rd7 32. c5 Rdd1 33. Rc2 Rg1+ 34. Kf2 Rde1 35. c6 Rgf1+ 36. Kg3 Rg1+ 37. Kh3 Re3 38. Rf2 Rc3 39. b4 g5 40. b5 Rc4 41. f4 Rc3+ 0-1


[Site "https://www.chess.com"]

[Event "Titled Tuesday Blitz April 18 Late 2023"]
[White "Osmonbekov, Talaibek"]
[Black "Nemsko"]
[WhiteFideId "2017253"]
[WhiteElo "2135"]
[BlackElo "2301"]
[Result "1-0"]
[Round "11"]
[TimeControl "180+2"]
[Date "2023.04.18"]
[WhiteClock "0:00:22"]
[BlackClock "0:00:03"]

1. d4 Nf6 2. Bf4 d5 3. Nc3 e6 4. e3 Bd6 5. Nf3 Bxf4 6. exf4 O-O 7. Bd3 Nbd7 8. O-O c5 9. dxc5 Nxc5 10. Re1 Bd7 11. Bf1 Qc7 12. Ne5 Bc6 13. Ne2 Rac8 14. Nd4 Ncd7 15. c3 Ne8 16. Bd3 Ndf6 17. Qf3 Nd6 18. Qh3 g6 19. Qh4 Nh5 20. Re3 Qd8 21. Qg4 Qf6 22. Ndxc6 bxc6 23. Nd7 Qxf4 24. Qxf4 Nxf4 25. Nxf8 Rxf8 26. g3 Nxd3 27. Rxd3 Rb8 28. b3 Ne4 29. Re1 Nc5 30. Rd4 Kf8 31. f4 Ke7 32. Kg2 Kd6 33. c4 Nd7 34. cxd5 cxd5 35. Rc1 Nc5 36. Kf3 Ne4 37. Ra4 Rb7 38. Ra6+ Kd7 39. Ke3 Nd6 40. Kd4 f6 41. Rcc6 Nb5+ 42. Kc5 Nc7 43. Rd6+ Ke7 44. Rac6 Rb5+ 45. Kd4 Rb7 46. Kd3 e5 47. fxe5 fxe5 48. h4 e4+ 49. Ke3 a5 50. h5 gxh5 51. Rh6 Nb5 52. Rxh7+ Kd8 53. Rxb7 1-0


[Site "https://www.chess.com"]

[Event "Titled Tuesday Blitz April 18 Late 2023"]
[White "Mihajlovskij"]
[Black "Dubreuil, Julien"]
[BlackFideId "621285"]
[WhiteElo "2295"]
[BlackElo "2196"]
[Result "0-1"]
[Round "11"]
[TimeControl "180+2"]
[Date "2023.04.18"]
[WhiteClock "0:02:33"]
[BlackClock "0:02:43"]

1. e4 e5 2. d4 exd4 3. Qxd4 Nc6 4. Qe3 Nf6 5. Be2 Be7 6. e5 Nd5 7. Qg3 Kf8 8. a3 d6 9. c4 Nb6 10. Nf3 dxe5 11. Nxe5 Nd4 12. O-O Nxe2+ 0-1


[Site "https://www.chess.com"]

[Event "Titled Tuesday Blitz April 18 Late 2023"]
[White "Kohler, Aran"]
[Black "Kovacevic, Radmila"]
[WhiteFideId "1002856"]
[BlackFideId "933171"]
[WhiteElo "2260"]
[BlackElo "2194"]
[Result "0-1"]
[Round "11"]
[TimeControl "180+2"]
[Date "2023.04.18"]
[WhiteClock "0:00:20"]
[BlackClock "0:00:38"]

1. e4 e5 2. Nf3 d5 3. Nxe5 Bd6 4. d4 dxe4 5. Nc4 Be7 6. Nc3 Nf6 7. Ne3 O-O 8. Be2 c6 9. O-O Re8 10. h3 b5 11. a3 Bb7 12. Ng4 a5 13. Nxf6+ Bxf6 14. Be3 Nd7 15. d5 b4 16. dxc6 Bxc6 17. axb4 axb4 18. Rxa8 Qxa8 19. Nb1 Bxb2 20. Qd6 Qa4 21. Nd2 Be5 22. Nxe4 Bxd6 23. Nxd6 Re6 24. Nc4 Qxc2 25. Re1 b3 26. Bg4 f5 27. Be2 b2 28. Na3 Qc3 29. Bc4 Qxe1+ 0-1


[Site "https://www.chess.com"]

[Event "Titled Tuesday Blitz April 18 Late 2023"]
[White "Vaglio Munoz, Jaime"]
[Black "Vargas Rodriguez, Wilver"]
[WhiteFideId "6500145"]
[BlackFideId "3509672"]
[WhiteElo "2199"]
[BlackElo "2224"]
[Result "1-0"]
[Round "11"]
[TimeControl "180+2"]
[Date "2023.04.18"]
[WhiteClock "0:01:21"]
[BlackClock "0:00:01"]

1. e4 c5 2. a3 d5 3. exd5 Qxd5 4. Nc3 Qd8 5. g3 Bd7 6. Bg2 Bc6 7. Nf3 Nf6 8. b4 e6 9. b5 Bd5 10. O-O Be7 11. Re1 O-O 12. Bb2 Nbd7 13. d3 a6 14. a4 axb5 15. axb5 b6 16. Nxd5 Nxd5 17. c4 Rxa1 18. Qxa1 Nb4 19. Rd1 Bf6 20. d4 Nc2 21. Qa7 cxd4 22. Rd2 d3 23. Rxd3 Bxb2 24. Rxd7 Qa8 25. Ng5 Qxa7 26. Rxa7 Bd4 27. Ne4 1-0


[Site "https://www.chess.com"]

[Event "Titled Tuesday Blitz April 18 Late 2023"]
[White "Alexikov, Alexander"]
[Black "Antonio, Jorge Carlos"]
[WhiteFideId "14103958"]
[BlackFideId "113190"]
[WhiteElo "2186"]
[BlackElo "2247"]
[Result "0-1"]
[Round "11"]
[TimeControl "180+2"]
[Date "2023.04.18"]
[WhiteClock "0:00:53"]
[BlackClock "0:01:03"]

1. e4 c5 2. Nf3 e6 3. d4 cxd4 4. Nxd4 Nc6 5. Nb5 d6 6. c4 a6 7. N5c3 Nf6 8. Be2 Be7 9. Be3 b6 10. Na3 Bb7 11. Nc2 Rc8 12. f3 O-O 13. Qd2 Ne5 14. b3 d5 15. Bd4 Nc6 16. e5 Nxd4 17. Nxd4 Nd7 18. f4 dxc4 19. Bxc4 Bb4 20. Rc1 Nc5 21. Nde2 Qh4+ 22. g3 Qh3 23. Rf1 Ne4 24. Qe3 b5 25. Bd3 Nxc3 26. Nxc3 Rxc3 27. Bxh7+ Kxh7 28. Rxc3 Rc8 0-1


[Site "https://www.chess.com"]

[Event "Titled Tuesday Blitz April 18 Late 2023"]
[White "De Souza, Cristiano Gomes"]
[Black "Bogaudinov, Rushan"]
[WhiteFideId "2151758"]
[BlackFideId "4129288"]
[WhiteElo "2068"]
[BlackElo "1967"]
[Result "0-1"]
[Round "11"]
[TimeControl "180+2"]
[Date "2023.04.18"]
[WhiteClock "0:01:12"]
[BlackClock "0:00:43"]

1. d4 h5 2. Nf3 h4 3. h3 b6 4. Bg5 c5 5. Bxh4 cxd4 6. Qxd4 Bb7 7. Bg3 Nc6 8. Qd2 d5 9. e3 Nf6 10. Nc3 e6 11. Bb5 Bb4 12. Ne5 Rc8 13. Nxc6 Bxc6 14. Bxc6+ Rxc6 15. f3 Qc8 16. Be5 Rh5 17. Bxf6 gxf6 18. a3 Bxc3 19. bxc3 Rxc3 20. O-O Rxc2 21. Rac1 Rxd2 22. Rxc8+ Kd7 23. Ra8 e5 24. Rxa7+ Ke6 25. Rc1 Rg5 26. g4 d4 27. e4 Kd6 28. Rac7 Rd1+ 29. Kf2 Rxc1 30. Rxc1 Rg8 31. h4 Ra8 32. Rb1 Kc5 33. Rb3 Kc4 34. Rxb6 Rxa3 35. Rxf6 Ra2+ 36. Kg3 d3 37. Rc6+ Kd4 38. Rd6+ Ke3 39. h5 Ra4 40. h6 Rd4 41. Rxd4 exd4 42. h7 d2 43. h8=Q d1=Q 44. Qh6+ Ke2 45. Qa6+ d3 46. g5 Qf1 47. Qa2+ d2 48. Qc4+ Ke1 49. Qxf1+ Kxf1 50. Kf4 d1=Q 51. Ke5 Qxf3 52. g6 fxg6 0-1


[Site "https://www.chess.com"]

[Event "Titled Tuesday Blitz April 18 Late 2023"]
[White "lluiss"]
[Black "Marin Masis, Jose Esteban"]
[BlackFideId "6508146"]
[WhiteElo "2300"]
[BlackElo "1838"]
[Result "1-0"]
[Round "11"]
[TimeControl "180+2"]
[Date "2023.04.18"]
[WhiteClock "0:01:01"]
[BlackClock "0:00:21"]

1. Nf3 c5 2. c4 Nc6 3. Nc3 g6 4. e3 Bg7 5. d4 cxd4 6. exd4 d6 7. Be2 Nf6 8. d5 Nb8 9. Nd4 O-O 10. O-O Nbd7 11. h3 Ne5 12. Be3 a6 13. Rc1 Qa5 14. Rb1 Qc7 15. Qb3 Nfd7 16. f4 Nc5 17. Qc2 b6 18. b4 Ncd7 19. fxe5 Nxe5 20. Rbc1 Nxc4 21. Bxc4 Qxc4 22. Nc6 Qh4 23. Bf2 Qg5 24. Ne4 Qh5 25. Nxe7+ Kh8 26. Nxc8 Raxc8 27. Qxc8 Rxc8 28. Rxc8+ Bf8 29. Bd4+ 1-0


[Site "https://www.chess.com"]

[Event "Titled Tuesday Blitz April 18 Late 2023"]
[White "Ng, Gary"]
[Black "Torres Dominguez, David"]
[WhiteFideId "2604914"]
[BlackFideId "2220857"]
[WhiteElo "2298"]
[BlackElo "1999"]
[Result "0-1"]
[Round "11"]
[TimeControl "180+2"]
[Date "2023.04.18"]
[WhiteClock "0:00:02"]
[BlackClock "0:00:02"]

1. d4 e5 2. dxe5 d6 3. exd6 Bxd6 4. Nf3 Bg4 5. e3 Nc6 6. Be2 Qe7 7. c3 O-O-O 8. Qc2 Nf6 9. Nbd2 h5 10. b3 g6 11. Nd4 Bxe2 12. Nxe2 Ne5 13. Nc4 Nxc4 14. bxc4 Rhe8 15. Rb1 b6 16. Qa4 Kb8 17. Nd4 Qe4 18. Rb3 Nd7 19. Nc6+ Kb7 20. Nxd8+ Rxd8 21. O-O Nc5 22. Qa3 Nxb3 23. Qxb3 Bc5 24. Bb2 Rd2 25. Ba3 Rxf2 26. Rxf2 Bxe3 27. Kf1 Bxf2 28. Kxf2 Qf4+ 29. Ke2 Qe4+ 30. Kf2 Qf4+ 31. Ke1 Qe3+ 32. Kd1 Qg1+ 33. Kc2 Qxg2+ 34. Kb1 Qxh2 35. c5 Qh1+ 36. Kb2 Qf3 37. cxb6 axb6 38. Qc4 Qf5 39. Kb3 c6 40. Bb2 Qb5+ 41. Qxb5 cxb5 42. Kb4 Kc6 43. c4 bxc4 44. Kxc4 b5+ 45. Kd4 g5 46. Ke4 g4 47. Kf4 f5 48. Kg5 Kc5 49. Kxh5 g3 0-1


[Site "https://www.chess.com"]

[Event "Titled Tuesday Blitz April 18 Late 2023"]
[White "Allam, Yara"]
[Black "Bueno, Alfeu Junior Varela"]
[WhiteFideId "10615709"]
[BlackFideId "2108879"]
[WhiteElo "1758"]
[BlackElo "2175"]
[Result "1-0"]
[Round "11"]
[TimeControl "180+2"]
[Date "2023.04.18"]
[WhiteClock "0:01:44"]
[BlackClock "0:01:03"]

1. e4 e6 2. d4 d5 3. Nc3 Nf6 4. e5 Nfd7 5. f4 c5 6. Nf3 Nc6 7. Be3 cxd4 8. Nxd4 Bc5 9. a3 O-O 10. Be2 Nxd4 11. Bxd4 Qb6 12. Na4 Qa5+ 13. c3 Bxd4 14. Qxd4 b5 15. Nc5 Nxc5 16. Qxc5 Bd7 17. Qb4 Qb6 18. Qd4 Qc7 19. O-O a5 20. Kh1 Qa7 21. Rac1 Rfc8 22. Bd3 g6 23. g4 Rc7 24. f5 Qxd4 25. cxd4 Rac8 26. Rxc7 Rxc7 27. fxe6 Bxe6 28. Bxb5 Bxg4 29. Bd3 Kf8 30. Kg2 Ke7 31. Rf2 Rc1 32. Rc2 Rd1 33. Rc7+ Kd8 34. Rc3 Rd2+ 35. Kg3 Bd7 36. b3 Ra2 37. a4 Ra3 38. Bc2 Bxa4 39. Rc5 Bxb3 40. Bxb3 Rxb3+ 41. Kf4 a4 42. Rxd5+ Ke7 43. Ra5 Rb4 44. Ke4 f5+ 45. Kd3 Ke6 46. Ra6+ Kd5 47. Rd6# 1-0


[Site "https://www.chess.com"]

[Event "Titled Tuesday Blitz April 18 Late 2023"]
[White "Broca Jimenez, Fernando"]
[Black "TheKnightOfBosnia"]
[WhiteFideId "5104742"]
[WhiteElo "2062"]
[BlackElo "2455"]
[Result "0-1"]
[Round "11"]
[TimeControl "180+2"]
[Date "2023.04.18"]
[WhiteClock "0:00:01"]
[BlackClock "0:01:31"]

1. e4 e5 2. Nf3 Nc6 3. Bc4 Nf6 4. Ng5 d5 5. exd5 b5 6. Bf1 Qxd5 7. Nc3 Qc5 8. Bxb5 Bb7 9. O-O h6 10. Nf3 Be7 11. d3 O-O 12. Be3 Nd4 13. Bc4 Bxf3 14. gxf3 Nh5 15. Ne4 Qc6 16. c3 Nf5 17. Qe2 Nd6 18. Nxd6 Bxd6 19. f4 Nxf4 20. Bxf4 exf4 21. Qe4 Qb6 22. b4 Rae8 23. Qf3 Re5 24. a4 Rg5+ 25. Kh1 a5 26. b5 Re8 27. Rae1 Rge5 28. Rxe5 Rxe5 29. d4 Re7 30. Qd5 Qb8 31. f3 Qc8 0-1


[Site "https://www.chess.com"]

[Event "Titled Tuesday Blitz April 18 Late 2023"]
[White "Stanisz, Patryk"]
[Black "QuiesPrecatio"]
[WhiteFideId "1123106"]
[WhiteElo "2069"]
[BlackElo "2409"]
[Result "0-1"]
[Round "11"]
[TimeControl "180+2"]
[Date "2023.04.18"]
[WhiteClock "0:00:01"]
[BlackClock "0:00:26"]

1. d4 Nf6 2. c3 g6 3. Nf3 Bg7 4. g3 O-O 5. Bg2 d5 6. O-O c5 7. dxc5 Ne4 8. Nbd2 Nxc5 9. Nb3 Ne4 10. Be3 Nc6 11. Rc1 e5 12. Nfd2 Nxd2 13. Qxd2 d4 14. cxd4 exd4 15. Bf4 d3 16. Qxd3 Qxd3 17. exd3 Bxb2 18. Rxc6 bxc6 19. Bxc6 Bh3 20. Rb1 Rac8 21. Bb7 Rcd8 22. Rxb2 Rxd3 23. Rd2 Re8 24. Be3 Rxd2 25. Nxd2 Be6 26. a4 Rb8 27. Bc6 a5 28. Kg2 Rc8 29. Bb5 Bd5+ 30. f3 Rc2 31. Kf2 Ra2 32. Ke2 Bb3 33. Kd3 Bxa4 34. Bc4 Ra3+ 35. Ke4 Bc6+ 36. Kd4 a4 37. Nb1 Ra1 38. Nc3 Bxf3 39. Na2 Rh1 0-1


[Site "https://www.chess.com"]

[Event "Titled Tuesday Blitz April 18 Late 2023"]
[White "Novikova, Galina"]
[Black "Chemin, Justo Reinaldo"]
[WhiteFideId "4157095"]
[BlackFideId "2101580"]
[WhiteElo "1953"]
[BlackElo "1940"]
[Result "1-0"]
[Round "11"]
[TimeControl "180+2"]
[Date "2023.04.18"]
[WhiteClock "0:00:08"]
[BlackClock "0:00:03"]

1. e4 e5 2. Nf3 Nc6 3. Bc4 Bc5 4. b4 Bb6 5. c3 d6 6. a4 a5 7. b5 Nb8 8. O-O Nf6 9. d3 O-O 10. Bg5 h6 11. Bh4 Be6 12. Nbd2 Nbd7 13. Qe2 Qe7 14. Rae1 c6 15. d4 Bg4 16. h3 Bh5 17. Qd3 Bg6 18. Bg3 d5 19. dxe5 dxe4 20. exf6 exd3 21. fxe7 Rfe8 22. Nh4 Bh7 23. Bd6 Bc5 24. Bxc5 Nxc5 25. Re3 Nxa4 26. bxc6 bxc6 27. Rfe1 Nc5 28. Rf3 Ne6 29. Bxe6 Rxe7 30. Bxf7+ Rxf7 31. Rxf7 Kxf7 32. g4 a4 33. Ra1 a3 34. f4 Kf6 35. Kf2 g5 36. fxg5+ Kxg5 37. Nhf3+ Kf4 38. Nd4 c5 39. Ne6+ Ke5 40. Nxc5 Kd5 41. Ncb3 Bg6 42. h4 h5 43. g5 Ke5 44. Ke3 Kf5 45. Nd4+ Kg4 46. N2f3 a2 47. Rg1+ Kh3 48. Rh1+ Kg2 49. Ra1 1-0


[Site "https://www.chess.com"]